Map: Zen LE

Players

antagomiR

  • Race: Protoss Protoss
  • League: Gold
  • Spawn Location: 1:00

ChickenFrog - Winner!

  • Race: Zerg Zerg
  • Spawn Location: 7:00

VOD

Have the link to the VOD?

Description

Time

  • Played on: April 10, 2020, 9 p.m.
  • Length: 13:22
Show
View Real Time Build Order
Export as new Build Order

antagomiR Protoss 

Build Orders:  

Get SALT Encoding   

  12  0:01  Probe  
  13  0:13  Probe  
  14  0:21  Pylon  
  14  0:25  Probe  
  15  0:39  Probe  
  16  0:57  Gateway  
  16  1:08  Probe  
  17  1:15  Assimilator  
  17  1:19  Assimilator  
  17  1:20  Probe  
  18  1:32  Probe  
  19  1:44  Probe  
  20  1:55  Cybernetics Core  
  20  1:56  Probe  
  20  2:00  Nexus  
  20  2:08  Probe  
  21  2:23  Pylon  
  21  2:26  Probe  
  22  2:31  Warp Gate (Chrono Boost)  
  22  2:38  Probe, Adept (Chrono Boost)  
  25  2:50  Probe  
  26  2:56  Pylon  
  26  3:02  Probe  
  26  3:03  Shield Battery  
  27  3:08  Stalker  
  29  3:14  Probe  
  29  3:15  Probe  
  31  3:22  Robotics Facility  
  31  3:27  Probe x2  
  33  3:39  Probe x2  
  35  3:43  Sentry (Chrono Boost)  
  37  3:51  Probe x2  
  37  3:53  Gateway  
  37  3:54  Gateway  
  39  4:01  Sentry  
  41  4:03  Probe x2  
  43  4:10  Observer  
  43  4:11  Pylon  
  44  4:18  Probe x2  
  46  4:28  Phoenix  
  46  4:30  Probe x2  
  48  4:31  Immortal  
  52  4:42  Probe, Twilight Council  
  52  4:43  Probe  
  54  4:47  Sentry  
  56  4:55  Probe x2  
  58  5:07  Probe x2  
  59  5:11  Observer  
  59  5:13  Pylon  
  61  5:19  Probe  
  62  5:30  Charge  
  62  5:31  Probe x2  
  62  5:32  Immortal  
  62  5:35  Pylon  
  68  5:43  Probe x2  
  68  5:47  Nexus  
  68  5:48  Pylon  
  70  5:50  Pylon  
  70  5:55  Probe  
  71  5:58  Stalker  
  71  5:59  Stalker x2  
  77  6:14  Probe x2  
  79  6:26  Probe x2  
  81  6:45  Stalker x3  
  87  6:50  Shield Battery  
  87  7:12  Stalker x3  
  93  7:22  Assimilator  
  93  7:29  Forge  
  93  7:35  Probe x2  
  95  7:46  Stalker x2  
  95  7:47  Probe x2, Stalker  
  103  7:59  Probe  
  103  8:04  Photon Cannon  
  104  8:16  Stargate  
  104  8:17  Stargate  
  104  8:19  Pylon  
  104  8:20  Probe x2  
  106  8:39  Photon Cannon x2  
  87  9:27  Pylon  
  87  9:29  Pylon  
  87  9:43  Nexus  
  87  9:44  Pylon, Void Ray  
  87  9:45  Probe x2  
  93  9:46  Pylon, Void Ray  
  97  9:53  Stalker x2  
  97  9:57  Probe  
  102  10:02  Probe  
  103  10:09  Probe, Zealot  
  106  10:14  Probe  
  106  10:21  Probe  
  108  10:27  Void Ray  
  112  10:29  Void Ray  
  116  10:39  Zealot  
  116  10:40  Assimilator  
  116  10:42  Assimilator  
  118  10:44  Assimilator  
  118  10:46  Shield Battery  
  118  10:47  Assimilator  
  118  10:48  Shield Battery  
  118  10:49  Pylon  
  118  10:51  Pylon  
  118  10:55  Pylon  
  118  10:57  Pylon  
  118  10:58  Pylon  
  118  10:59  Probe x3  
  118  11:00  Pylon  
  118  11:01  Pylon  
  118  11:03  Pylon  
  121  11:05  Pylon  
  121  11:07  Zealot x3  
  121  11:10  Void Ray  
  121  11:11  Probe x3  
  134  11:16  Gateway  
  134  11:17  Gateway  
  134  11:22  Gateway  
  134  11:23  Probe  
  134  11:25  Gateway  
  135  11:26  Gateway  
  135  11:28  Gateway  
  135  11:31  Gateway  
  135  11:32  Probe x2, Gateway  
  137  11:35  Probe  
  138  11:44  Probe x2  
  138  11:49  Zealot x3  
  116  12:05  Probe  
  90  12:26  Stalker x2  
  90  12:27  Stalker x3  
  90  12:28  Stalker x2  
  90  12:29  Stalker x3  
  81  12:43  Stalker  
  60  12:59  Zealot  
  60  13:00  Zealot x4  
  60  13:01  Zealot x3  
  60  13:02  Zealot  
  78  13:12  Nexus  
  78  13:14  Zealot  
  78  13:15  Zealot  
Show
View Real Time Build Order
Export as new Build Order

ChickenFrog Zerg - Winner!

Build Orders: Pool First 

Get SALT Encoding   

  12  0:01  Drone  
  13  0:09  Drone  
  14  0:17  Overlord  
  14  0:26  Extractor  
  14  0:27  Drone  
  15  0:40  Spawning Pool  
  14  0:43  Drone  
  14  0:48  Drone  
  16  0:50  Drone  
  17  1:01  Drone  
  17  1:03  Extractor  
  17  1:07  Drone  
  18  1:28  Hatchery  
  18  1:29  Zergling x2  
  18  1:34  Drone  
  18  1:38  Queen  
  21  1:43  Drone  
  22  2:04  Overlord x2  
  22  2:29  Drone  
  23  2:31  Lair  
  23  2:35  Drone x2  
  25  2:41  Drone  
  25  2:42  Queen  
  28  2:49  Drone  
  29  2:51  Drone  
  29  2:53  Drone x3  
  33  3:08  Extractor, Metabolic Boost  
  32  3:13  Drone x2  
  32  3:16  Drone x2  
  36  3:22  Queen  
  36  3:23  Overlord  
  36  3:25  Drone  
  39  3:41  Hatchery  
  39  3:45  Queen  
  39  3:47  Zergling x6  
  43  3:51  Drone x2  
  43  3:54  Drone  
  46  4:03  Drone x3  
  49  4:11  Hydralisk Den  
  48  4:20  Evolution Chamber  
  48  4:25  Nydus Network  
  48  4:30  Evolution Chamber  
  46  4:31  Zergling x4  
  46  4:32  Zergling x2  
  49  4:42  Overseer  
  49  4:45  Overseer  
  49  4:49  Zergling x2  
  50  5:02  Zergling x6  
  50  5:03  Zergling x6  
  50  5:05  Drone  
  57  5:07  Overlord  
  57  5:09  Overlord  
  57  5:10  Drone  
  58  5:28  Nydus Canal  
  58  5:47  Zergling x4  
  58  5:48  Zergling x10  
  65  5:54  Queen  
  67  6:22  Nydus Canal  
  67  6:47  Nydus Canal  
  67  7:03  Zergling x10  
  67  7:04  Zergling x4  
  74  7:27  Overlord x3  
  74  7:38  Nydus Canal  
  74  7:48  Drone x3  
  77  8:05  Zergling x10  
  82  8:31  Zerg Melee Weapons Level 1  
  82  8:48  Drone x7  
  87  8:49  Drone  
  87  8:51  Zergling x2  
  87  8:52  Zergling x2  
  82  9:06  Zergling x4  
  70  9:16  Drone  
  63  9:17  Drone x4  
  66  9:32  Hydralisk  
  66  9:33  Hydralisk x5  
  78  9:39  Hydralisk x4  
  78  9:40  Hydralisk x2  
  78  9:45  Overlord x3  
  90  9:51  Grooved Spines  
  90  10:00  Infestation Pit  
  85  10:16  Hydralisk x6  
  85  10:17  Hydralisk x4  
  85  10:18  Hydralisk x2  
  109  10:37  Extractor  
  109  10:38  Extractor  
  107  10:47  Hydralisk  
  107  10:48  Hydralisk x2  
  113  10:54  Overlord x3  
  113  10:55  Zergling x2  
  114  11:00  Hatchery  
  113  11:06  Hatchery  
  112  11:13  Hydralisk x2  
  112  11:14  Hydralisk x2  
  112  11:16  Zergling x6  
  112  11:17  Zergling x12  
  129  11:24  Queen  
  131  11:25  Drone  
  123  12:02  Nydus Canal  
  111  12:23  Infestor  
  111  12:25  Hydralisk x3  
  109  12:37  Queen  
  105  12:44  Hydralisk x2  
  105  12:46  Zergling x4  
  105  12:47  Zergling x6  
  109  12:51  Zergling x8  
  109  12:52  Zergling x10  
Tags
 
League
Gold
Matchup
PvZ
Opening
Pool First
Replay Pack
20200422
Spawn Locations
Cross Positions
Add a new tag
Caveats
  • Supply blocks, unpowered buildings, or Contaminate may cause inaccurate times.
  • Supply counts are checked every 10 seconds.